 Dungeon Crawl Stone Soup version 0.28.0-1-gb440e238dd (webtiles) character file.

Game seed: 2568835113750661125

14578 browni3141 the Thaumaturge (level 12, -4/91 HPs)
             Began as a Gnoll Air Elementalist on Feb 19, 2022.
             Was a Follower of Ashenzari.
             Engulfed by a cloud of freezing vapour (25 damage)
             ... on level 1 of the Lair of Beasts on Feb 20, 2022.
             The game lasted 00:36:55 (16680 turns).

browni3141 the Thaumaturge (GnAE)                  Turns: 16680, Time: 00:36:56

Health: -4/91      AC:  8    Str: 23    XL:     12   Next: 18%
Magic:  1/24       EV: 15    Int: 21    God:    Ashenzari [*.....]
Gold:   678        SH:  6    Dex: 14    Spells: 11/28 levels left

rFire   + . .      SeeInvis .   c - +7 flail "Cuxaeru Hees" {elec, rC- Str+9 Int+3}
rCold   . . .      Faith    .   B - +0 buckler "Lashed Lifelessness" {Bglg, Range} (curse)
rNeg    . . .      Spirit   .   h - +0 steam dragon scales
rPois   .          Reflect  .   k - +1 helmet "Suspicion of Ashenzari" {Elem, Range} (curse)
rElec   .          Harm     .   t - scarf {rC+ rF+}
rCorr   .          Rampage  .   (no gloves)
Will    .....                   (no boots)
Stlth   ++++......              z - amulet of the acrobat
HPRegen 0.25/turn               S - +6 ring of strength
MPRegen 0.19/turn               (no ring)

@: no status effects
A: fangs 1, strong nose, distributed training
a: Renounce Religion, Shatter the Chains


You were on level 1 of the Lair of Beasts.
You worshipped Ashenzari.
Ashenzari was aware of your devotion.
You visited 3 branches of the dungeon, and saw 13 of its levels.

You collected 678 gold pieces.


Innate Abilities, Weirdness & Mutations

You have very sharp teeth.
Your uncanny sense of smell can sniff out nearby items.
Your experience applies equally to all skills.


   Skills:
 + Level 7.0 Fighting
 + Level 7.0 Short Blades
 + Level 7.0 Long Blades
 + Level 7.0 Axes
 + Level 7.0 Maces & Flails
 + Level 7.0 Polearms
 + Level 7.0 Staves
 + Level 7.0(8.4) Slings
 + Level 7.0(8.4) Bows
 + Level 7.0(8.4) Crossbows
 + Level 7.0(8.4) Throwing
 + Level 7.0 Armour
 + Level 8.5 Dodging
 + Level 8.2 Stealth
 + Level 7.0 Shields
 + Level 7.0 Unarmed Combat
 + Level 8.7 Spellcasting
 + Level 6.2(7.1) Conjurations
 + Level 5.8(6.7) Hexes
 + Level 5.8 Summonings
 + Level 5.8 Necromancy
 + Level 5.8(6.7) Translocations
 + Level 5.8 Transmutations
 + Level 5.8(6.7) Fire Magic
 + Level 5.8(6.7) Ice Magic
 + Level 8.1(9.0) Air Magic
 + Level 5.8(6.7) Earth Magic
 + Level 5.8 Poison Magic
 + Level 7.7 Invocations
 + Level 7.0 Evocations


You had 11 spell levels left.
You knew the following spells:

 Your Spells              Type           Power      Damage    Failure   Level
f - Freezing Cloud        Conj/Ice/Air   20%        6-21      12%         5
i - Swiftness             Air            47%        N/A       1%          3
k - Airstrike             Air            23%        N/A       2%          4
t - Static Discharge      Conj/Air       43%        N/A       1%          2
z - Shock                 Conj/Air       100%       1d9       1%          1
X - Sublimation of Blood  Necr           33%        N/A       1%          2

Your spell library contained the following spells:

 Spells                   Type           Power      Damage    Failure   Level
 Freeze                   Ice            100%       1d11      1%          1
 Wereblood                Tmut           33%        N/A       1%          2
 Conjure Flame            Conj/Fire      38%        6-21      1%          3
 Frozen Ramparts          Ice            74%        1d9       1%          3
 Ignite Poison            Fire/Tmut/Pois 34%        N/A       2%          3
 Hailstorm                Conj/Ice       38%        3d9       5%          4
 Sticky Flame             Conj/Fire      38%        2d6       5%          4
 Simulacrum               Ice/Necr       17%        N/A       73%         6
 Summon Hydra             Summ           16%        N/A       100%        7
 Polar Vortex             Ice            18%        N/A       100%        9

Inventory:

Hand Weapons
 c - the +7 flail "Cuxaeru Hees" (weapon) {elec, rC- Str+9 Int+3}
   (You found it on level 2 of the Dungeon)

   It occasionally discharges a powerful burst of electricity upon striking a
   foe.
   Str:       It affects your strength (+9).
   Int:       It affects your intelligence (+3).
   rC:        It makes you vulnerable to cold.
 p - the +10 mace of Bodily Harmony {holy, rC+ Dex+2}
   (You found it on level 3 of the Dungeon)

   It has been blessed by the Shining One to cause great damage to the undead
   and demons.
   Dex:       It affects your dexterity (+2).
   rC:        It protects you from cold.
Missiles
 C - 6 throwing nets
Armour
 h - +0 steam dragon scales (worn)
 k - the cursed +1 helmet "Suspicion of Ashenzari" (worn) {Elem, Range}
   (You found it on level 3 of the Dungeon)

   It has a curse which improves the following skills: Elements: Fire Magic, Ice
   Magic, Air Magic and Earth Magic.
   Ranged Combat: Slings, Bows, Crossbows and Throwing.
 o - a +0 plate armour
 s - a +0 scale mail
 t - a scarf of resistance (worn)
 B - the cursed +0 buckler "Lashed Lifelessness" (worn) {Bglg, Range}
   (You found it on level 7 of the Dungeon)

   It has a curse which improves the following skills: Beguiling: Conjurations,
   Hexes and Translocations.
   Ranged Combat: Slings, Bows, Crossbows and Throwing.
 E - a +0 chain mail
Jewellery
 z - an amulet of the acrobat (around neck)
 F - a ring of protection from fire
 R - a ring of resist corrosion
 S - a +6 ring of strength (left hand)
Wands
 g - a wand of flame (13)
 n - a wand of iceblast (21)
Scrolls
 b - a scroll of enchant weapon
 i - 4 scrolls of immolation {!r}
 l - 2 scrolls of blinking {@r3}
 m - 4 scrolls of magic mapping
 r - a scroll of enchant armour
 y - 3 scrolls of teleportation {@r4}
 D - a scroll of noise {!r}
Potions
 a - a potion of ambrosia
 d - a potion of might
 e - a potion of flight
 f - a potion of berserk rage {!q}
 j - 2 potions of magic
 q - a potion of heal wounds {@q2}
 u - a potion of degeneration {!q}
 v - a potion of haste {@q3}
 w - a potion of invisibility
 x - 2 potions of curing {@q1}
 A - 4 potions of cancellation
 G - a potion of attraction {!q}

Dungeon Overview and Level Annotations

Branches:
Dungeon (11/15)            Temple (1/1) D:6            Lair (1/6) D:9
    Orc (0/2) D:11

Altars:
Ashenzari
Cheibriados
Dithmenos
Elyvilon
Fedhas
Gozag
Hepliaklqana
Kikubaaqudgha
Makhleb
Nemelex Xobeh
Okawaru
Qazlal
Ru
Sif Muna
Trog
Uskayaw
Vehumet
Wu Jian
Xom
Yredelemnul
Zin
The Shining One
Beogh

Portals:
Trove: D:10 (give +2 ice dragon scales)

Annotations:
D:2 Sigmund

...............
................
####..................#
............○§§°.....###
.....¦¦¦¦≈¦¦§○§§........
....¦≈≈≈≈≈≈.§§§§F.......
....≈≈≈≈≈≈≈¦.§k§††...#
.....≈≈≈≈≈≈¦..§.@F...#
....¦¦.¦¦¦¦¦...†.....#
.....................#
>..#.###.##.#........#
...........##........#
.......................
...#.###..............##
...#..##.#...........##
...........#.........#


You could see 2 blink frogs and a rime drake.


Message History

Unknown command.
Unknown command.
Unknown command.
Unknown command.
Unknown command.
Unknown command.
Unknown command.
Unknown command.
Unknown command.
Unknown command.
You feel much better.
You are engulfed in freezing vapours.
* * * LOW HITPOINT WARNING * * *
The blink frog hits you but does no damage.
The bullfrog is engulfed in freezing vapours.
The bullfrog seems to slow down.
The rime drake is engulfed in freezing vapours.
The cane toad is engulfed in freezing vapours.
You kill the cane toad!
The blink frog hits you.
* * * LOW HITPOINT WARNING * * *
The bullfrog is engulfed in freezing vapours.
Aiming: Iceblast
Press: ? - help, Shift-Dir - straight line, f - bullfrog
Aim: a bullfrog (freezing vapour, almost dead, slow)
The mass of ice explodes!
The iceblast engulfs the bullfrog!!
You kill the bullfrog!
The iceblast engulfs the rime drake!
The rime drake partially resists.
The rime drake is severely wounded.
You are engulfed in freezing vapours.
You die...

Skill      XL: |  1  2  3  4  5  6  7  8  9 10 11 12 |
---------------+-------------------------------------+-----
Conjurations   | 2 3 4 5 6 |  6.2
Spellcasting   | 5 6 7 8 |  8.7
Invocations    | 1 2 3 4 5 6 7 |  7.7
Fighting       | 1 2 3 4 5 6 7 |  7.0
Short Blades   | 1 2 3 4 5 6 7 |  7.0
Long Blades    | 1 2 3 4 5 6 7 |  7.0
Axes           | 1 2 3 4 5 6 7 |  7.0
Maces & Flails | 1 2 3 4 5 6 7 |  7.0
Polearms       | 1 2 3 4 5 6 7 |  7.0
Staves         | 1 2 3 4 5 6 7 |  7.0
Slings         | 1 2 3 4 5 6 7 |  7.0
Bows           | 1 2 3 4 5 6 7 |  7.0
Crossbows      | 1 2 3 4 5 6 7 |  7.0
Throwing       | 1 2 3 4 5 6 7 |  7.0
Armour         | 1 2 3 4 5 6 7 |  7.0
Shields        | 1 2 3 4 5 6 7 |  7.0
Unarmed Combat | 1 2 3 4 5 6 7 |  7.0
Evocations     | 1 2 3 4 5 6 7 |  7.0
Hexes          | 1 2 3 4 5 |  5.8
Summonings     | 1 2 3 4 5 |  5.8
Necromancy     | 1 2 3 4 5 |  5.8
Translocations | 1 2 3 4 5 |  5.8
Transmutations | 1 2 3 4 5 |  5.8
Fire Magic     | 1 2 3 4 5 |  5.8
Ice Magic      | 1 2 3 4 5 |  5.8
Earth Magic    | 1 2 3 4 5 |  5.8
Poison Magic   | 1 2 3 4 5 |  5.8
Dodging        | 5 6 7 8 |  8.5
Stealth        | 5 6 7 8 |  8.2
Air Magic      | 6 7 8 |  8.1

Action                   |  1- 3 |  4- 6 |  7- 9 | 10-12 || total
-------------------------+-------+-------+-------+-------++-------
Melee: Unarmed           |     7 |       |       |       ||     7
       Flail             |     1 |    32 |    89 |    95 ||   217
       Bite              |     1 |     1 |     7 |    11 ||    20
       Punch             |       |     1 |     1 |       ||     2
       Mace              |       |       |     4 |       ||     4
 Cast: Shock             |    66 |    88 |   174 |   219 ||   547
       Static Discharge  |     4 |     7 |    28 |    90 ||   129
       Airstrike         |       |       |       |    37 ||    37
       Freezing Cloud    |       |       |       |     2 ||     2
Invok: Curse Item        |       |       |       |     2 ||     2
Evoke: Wand              |       |     2 |     1 |     2 ||     5
  Use: Scroll            |       |       |       |     9 ||     9
       Potion            |       |       |       |     2 ||     2
 Stab: Sleeping          |       |     2 |     1 |     3 ||     6
       Distracted        |       |       |       |     2 ||     2
Armor: Ring mail         |     1 |    17 |       |       ||    18
       Scale mail        |       |     6 |    51 |    44 ||   101
       Steam dragon scal |       |       |       |    22 ||    22
Dodge: Dodged            |     3 |    26 |   103 |   154 ||   286
Block: Buckler           |       |       |     1 |    60 ||    61

Levels and vault maps discovered:
D:1:      ldierk_water_garden, layout_loops_cross
D:2:      layout_loops_cross, basic_altar, minmay_misc_feat_chi, st_stairs_9,
          uniq_terence, uniq_sigmund
D:3:      layout_loops_ring, zin_angel, minmay_quantized
D:4:      layout_gridville
D:5:      layout_rooms, general_overflow_altar, kennysheep_generic_room_11
D:6:      layout_basic, elyvilon_altar_4, lightli_temple_of_fire,
          minmay_temple_entry_wispy, gup_sewer_entry_bowl, minmay_between
D:7:      layout_cave_pools, mainiacjoe_overflow_big_doors
D:8:      layout_basic
D:9:      layout_irregular_city, kennysheep_okawaru_gauntlet, lair_entry_dummy,
          uniq_harold
D:10:     layout_stronghold, cheibrodos_ashenzari_chains,
          cheibrodos_worm_habitat, enter_trove_2, hangedman_fish_farm,
          uniq_josephine
D:11:     layout_layer_cave, zombieorc1_lemuel, david_defended_altar_orc
Temple:   cyrus_circular_temple
Lair:1:   layout_gridlike, st_stairs_4, lemuel_fruit_tree

Notes
Turn   | Place    | Note
-------+----------+-------------------------------------------
     0 | D:1      | browni3141 the Gnoll Air Elementalist began the quest for
                  | the Orb.
     0 | D:1      | Reached XP level 1. HP: 13/13 MP: 6/6
    21 | D:1      | Reached skill level 2 in Conjurations
   126 | D:1      | Reached XP level 2. HP: 19/19 MP: 1/7
   581 | D:1      | Reached XP level 3. HP: 25/25 MP: 6/9
   626 | D:1      | Reached skill level 5 in Spellcasting
   906 | D:1      | Reached skill level 1 in Invocations
  1042 | D:1      | Learned a level 2 spell: Static Discharge
  1046 | D:1      | Learned a level 3 spell: Swiftness
  1109 | D:2      | Found a shadowy altar of Dithmenos.
  1228 | D:2      | Identified the +7 flail "Cuxaeru Hees" {elec, rC- Str+9
                  | Int+3}
  1443 | D:2      | Noticed Terence
  1670 | D:2      | Killed Terence
  1671 | D:2      | Reached skill level 1 in Fighting
  1671 | D:2      | Reached skill level 1 in Short Blades
  1671 | D:2      | Reached skill level 1 in Long Blades
  1671 | D:2      | Reached skill level 1 in Axes
  1671 | D:2      | Reached skill level 1 in Maces & Flails
  1671 | D:2      | Reached skill level 1 in Polearms
  1671 | D:2      | Reached skill level 1 in Staves
  1671 | D:2      | Reached skill level 1 in Slings
  1671 | D:2      | Reached skill level 1 in Bows
  1671 | D:2      | Reached skill level 1 in Crossbows
  1671 | D:2      | Reached skill level 1 in Throwing
  1671 | D:2      | Reached skill level 1 in Armour
  1671 | D:2      | Reached skill level 1 in Shields
  1671 | D:2      | Reached skill level 1 in Unarmed Combat
  1671 | D:2      | Reached skill level 1 in Evocations
  1671 | D:2      | Reached XP level 4. HP: 27/32 MP: 6/11
  1825 | D:2      | Noticed Sigmund
  2042 | D:2      | Reached skill level 1 in Hexes
  2042 | D:2      | Reached skill level 1 in Summonings
  2042 | D:2      | Reached skill level 1 in Necromancy
  2042 | D:2      | Reached skill level 1 in Translocations
  2042 | D:2      | Reached skill level 1 in Transmutations
  2042 | D:2      | Reached skill level 1 in Fire Magic
  2042 | D:2      | Reached skill level 1 in Ice Magic
  2042 | D:2      | Reached skill level 1 in Earth Magic
  2042 | D:2      | Reached skill level 1 in Poison Magic
  2331 | D:3      | Reached XP level 5. HP: 35/37 MP: 0/12
  2818 | D:3      | Identified the +10 mace of Bodily Harmony {holy, rC+ Dex+2}
  2859 | D:3      | Reached XP level 6. HP: 42/44 MP: 8/13
  2909 | D:3      | Reached skill level 2 in Invocations
  3162 | D:3      | Noticed an angel
  3163 | D:3      | Found a glowing silver altar of Zin.
  3625 | D:4      | Reached skill level 5 in Dodging
  3699 | D:4      | Reached skill level 2 in Fighting
  3699 | D:4      | Reached skill level 2 in Short Blades
  3699 | D:4      | Reached skill level 2 in Long Blades
  3699 | D:4      | Reached skill level 2 in Axes
  3699 | D:4      | Reached skill level 2 in Maces & Flails
  3699 | D:4      | Reached skill level 2 in Polearms
  3699 | D:4      | Reached skill level 2 in Staves
  3699 | D:4      | Reached skill level 2 in Slings
  3699 | D:4      | Reached skill level 2 in Bows
  3699 | D:4      | Reached skill level 2 in Crossbows
  3699 | D:4      | Reached skill level 2 in Throwing
  3699 | D:4      | Reached skill level 2 in Armour
  3699 | D:4      | Reached skill level 2 in Shields
  3699 | D:4      | Reached skill level 2 in Unarmed Combat
  3699 | D:4      | Reached skill level 2 in Evocations
  3825 | D:4      | Noticed a necrophage
  3835 | D:4      | Killed a necrophage
  4125 | D:4      | Reached XP level 7. HP: 50/50 MP: 15/15
  4130 | D:4      | Identified a scarf of resistance
  4360 | D:5      | Entered Level 5 of the Dungeon
  4377 | D:5      | Reached skill level 2 in Hexes
  4377 | D:5      | Reached skill level 2 in Summonings
  4377 | D:5      | Reached skill level 2 in Necromancy
  4377 | D:5      | Reached skill level 2 in Translocations
  4377 | D:5      | Reached skill level 2 in Transmutations
  4377 | D:5      | Reached skill level 2 in Fire Magic
  4377 | D:5      | Reached skill level 2 in Ice Magic
  4377 | D:5      | Reached skill level 2 in Earth Magic
  4377 | D:5      | Reached skill level 2 in Poison Magic
  4398 | D:5      | Reached skill level 3 in Conjurations
  4473 | D:5      | Reached skill level 5 in Stealth
  4558 | D:5      | Reached skill level 3 in Invocations
  4728 | D:5      | Reached skill level 6 in Air Magic
  4728 | D:5      | Reached XP level 8. HP: 50/57 MP: 16/16
  4849 | D:5      | Reached skill level 3 in Fighting
  4849 | D:5      | Reached skill level 3 in Short Blades
  4849 | D:5      | Reached skill level 3 in Long Blades
  4849 | D:5      | Reached skill level 3 in Axes
  4849 | D:5      | Reached skill level 3 in Maces & Flails
  4849 | D:5      | Reached skill level 3 in Polearms
  4849 | D:5      | Reached skill level 3 in Staves
  4849 | D:5      | Reached skill level 3 in Slings
  4849 | D:5      | Reached skill level 3 in Bows
  4849 | D:5      | Reached skill level 3 in Crossbows
  4849 | D:5      | Reached skill level 3 in Throwing
  4849 | D:5      | Reached skill level 3 in Armour
  4849 | D:5      | Reached skill level 3 in Shields
  4849 | D:5      | Reached skill level 3 in Unarmed Combat
  4849 | D:5      | Reached skill level 3 in Evocations
  5114 | D:5      | Found a shimmering blue altar of Sif Muna.
  5166 | D:5      | Reached skill level 6 in Spellcasting
  5530 | D:6      | Found a white marble altar of Elyvilon.
  5804 | D:6      | Reached skill level 3 in Hexes
  5804 | D:6      | Reached skill level 3 in Summonings
  5804 | D:6      | Reached skill level 3 in Necromancy
  5804 | D:6      | Reached skill level 3 in Translocations
  5804 | D:6      | Reached skill level 3 in Transmutations
  5804 | D:6      | Reached skill level 3 in Fire Magic
  5804 | D:6      | Reached skill level 3 in Ice Magic
  5804 | D:6      | Reached skill level 3 in Earth Magic
  5804 | D:6      | Reached skill level 3 in Poison Magic
  5804 | D:6      | Reached skill level 4 in Invocations
  6069 | D:6      | Reached skill level 6 in Dodging
  6069 | D:6      | Reached XP level 9. HP: 64/65 MP: 14/18
  6102 | D:6      | Found a staircase to the Ecumenical Temple.
  6217 | D:6      | Found a bloodstained altar of Trog.
  6347 | D:6      | Reached skill level 4 in Fighting
  6347 | D:6      | Reached skill level 4 in Short Blades
  6347 | D:6      | Reached skill level 4 in Long Blades
  6347 | D:6      | Reached skill level 4 in Axes
  6347 | D:6      | Reached skill level 4 in Maces & Flails
  6347 | D:6      | Reached skill level 4 in Polearms
  6347 | D:6      | Reached skill level 4 in Staves
  6347 | D:6      | Reached skill level 4 in Slings
  6347 | D:6      | Reached skill level 4 in Bows
  6347 | D:6      | Reached skill level 4 in Crossbows
  6347 | D:6      | Reached skill level 4 in Throwing
  6347 | D:6      | Reached skill level 4 in Armour
  6347 | D:6      | Reached skill level 4 in Shields
  6347 | D:6      | Reached skill level 4 in Unarmed Combat
  6347 | D:6      | Reached skill level 4 in Conjurations
  6347 | D:6      | Reached skill level 4 in Evocations
  6378 | D:6      | Noticed a cyclops
  6821 | D:7      | Reached skill level 6 in Stealth
  6997 | D:7      | Learned a level 4 spell: Airstrike
  7000 | D:7      | Learned a level 2 spell: Sublimation of Blood
  7360 | D:7      | Reached skill level 5 in Invocations
  7893 | D:7      | Found a radiant altar of Vehumet.
  7902 | D:7      | Found a sparkling altar of Nemelex Xobeh.
  8102 | D:8      | Reached skill level 7 in Spellcasting
  8104 | D:8      | Reached XP level 10. HP: 54/72 MP: 5/20
  8384 | D:8      | Reached skill level 4 in Hexes
  8384 | D:8      | Reached skill level 4 in Summonings
  8384 | D:8      | Reached skill level 4 in Necromancy
  8384 | D:8      | Reached skill level 4 in Translocations
  8384 | D:8      | Reached skill level 4 in Transmutations
  8384 | D:8      | Reached skill level 4 in Fire Magic
  8384 | D:8      | Reached skill level 4 in Ice Magic
  8384 | D:8      | Reached skill level 4 in Earth Magic
  8384 | D:8      | Reached skill level 4 in Poison Magic
  8524 | D:8      | Identified a +0 robe of the Archmagi
  8541 | D:8      | Reached skill level 5 in Fighting
  8541 | D:8      | Reached skill level 5 in Short Blades
  8541 | D:8      | Reached skill level 5 in Long Blades
  8541 | D:8      | Reached skill level 5 in Axes
  8541 | D:8      | Reached skill level 5 in Maces & Flails
  8541 | D:8      | Reached skill level 5 in Polearms
  8541 | D:8      | Reached skill level 5 in Staves
  8541 | D:8      | Reached skill level 5 in Slings
  8541 | D:8      | Reached skill level 5 in Bows
  8541 | D:8      | Reached skill level 5 in Crossbows
  8541 | D:8      | Reached skill level 5 in Throwing
  8541 | D:8      | Reached skill level 5 in Armour
  8541 | D:8      | Reached skill level 5 in Shields
  8541 | D:8      | Reached skill level 5 in Unarmed Combat
  8541 | D:8      | Reached skill level 5 in Evocations
  8594 | D:8      | Reached skill level 7 in Air Magic
  8832 | D:8      | Reached skill level 7 in Dodging
  8939 | D:8      | Reached skill level 5 in Conjurations
  9570 | D:8      | Reached skill level 6 in Invocations
  9770 | D:9      | Found a staircase to the Lair.
  9882 | D:9      | Noticed a two-headed ogre
  9889 | D:9      | Killed a two-headed ogre
  9890 | D:9      | Reached skill level 7 in Stealth
 10175 | D:9      | Noticed Harold
 10345 | D:9      | Found an iron altar of Okawaru.
 10467 | Temple   | Entered the Ecumenical Temple
 10589 | D:6      | Killed a cyclops
 10590 | D:6      | Reached XP level 11. HP: 56/81 MP: 11/22
 11406 | D:9      | Killed Harold
 11407 | D:9      | Reached skill level 6 in Fighting
 11407 | D:9      | Reached skill level 6 in Short Blades
 11407 | D:9      | Reached skill level 6 in Long Blades
 11407 | D:9      | Reached skill level 6 in Axes
 11407 | D:9      | Reached skill level 6 in Maces & Flails
 11407 | D:9      | Reached skill level 6 in Polearms
 11407 | D:9      | Reached skill level 6 in Staves
 11407 | D:9      | Reached skill level 6 in Slings
 11407 | D:9      | Reached skill level 6 in Bows
 11407 | D:9      | Reached skill level 6 in Crossbows
 11407 | D:9      | Reached skill level 6 in Throwing
 11407 | D:9      | Reached skill level 6 in Armour
 11407 | D:9      | Reached skill level 6 in Shields
 11407 | D:9      | Reached skill level 6 in Unarmed Combat
 11407 | D:9      | Reached skill level 5 in Hexes
 11407 | D:9      | Reached skill level 5 in Summonings
 11407 | D:9      | Reached skill level 5 in Necromancy
 11407 | D:9      | Reached skill level 5 in Translocations
 11407 | D:9      | Reached skill level 5 in Transmutations
 11407 | D:9      | Reached skill level 5 in Fire Magic
 11407 | D:9      | Reached skill level 5 in Ice Magic
 11407 | D:9      | Reached skill level 5 in Earth Magic
 11407 | D:9      | Reached skill level 5 in Poison Magic
 11407 | D:9      | Reached skill level 6 in Evocations
 11572 | Lair:1   | Entered Level 1 of the Lair of Beasts
 11602 | D:8      | Reached skill level 8 in Spellcasting
 12230 | D:10     | Entered Level 10 of the Dungeon
 12485 | D:10     | Found a broken altar of Ashenzari.
 12816 | D:10     | Found a portal to a secret trove of treasure.
 13141 | D:10     | Reached skill level 7 in Invocations
 13150 | D:10     | Reached skill level 8 in Dodging
 13208 | D:10     | Noticed Josephine
 13531 | D:10     | Became a worshipper of Ashenzari the Shackled
 13588 | D:10     | Killed Josephine
 13993 | D:10     | Noticed a cyclops
 14002 | D:10     | Killed a cyclops
 14151 | D:10     | Found a snail-covered altar of Cheibriados.
 14491 | D:11     | Reached skill level 6 in Conjurations
 14702 | D:11     | Noticed a manticore
 14708 | D:11     | Killed a manticore
 14709 | D:11     | Reached skill level 8 in Stealth
 15180 | D:11     | Found a staircase to the Orcish Mines.
 15541 | D:11     | Reached skill level 8 in Air Magic
 15752 | D:11     | Reached XP level 12. HP: 63/89 MP: 24/24
 16322 | D:11     | Reached * piety under Ashenzari
 16515 | D:11     | Learned a level 5 spell: Freezing Cloud
 16675 | Lair:1   | Reached skill level 7 in Fighting
 16675 | Lair:1   | Reached skill level 7 in Short Blades
 16675 | Lair:1   | Reached skill level 7 in Long Blades
 16675 | Lair:1   | Reached skill level 7 in Axes
 16675 | Lair:1   | Reached skill level 7 in Maces & Flails
 16675 | Lair:1   | Reached skill level 7 in Polearms
 16675 | Lair:1   | Reached skill level 7 in Staves
 16675 | Lair:1   | Reached skill level 7 in Slings
 16675 | Lair:1   | Reached skill level 7 in Bows
 16675 | Lair:1   | Reached skill level 7 in Crossbows
 16675 | Lair:1   | Reached skill level 7 in Throwing
 16675 | Lair:1   | Reached skill level 7 in Armour
 16675 | Lair:1   | Reached skill level 7 in Shields
 16675 | Lair:1   | Reached skill level 7 in Unarmed Combat
 16675 | Lair:1   | Reached skill level 7 in Evocations
 16680 | Lair:1   | Engulfed by a cloud of freezing vapour

Vanquished Creatures
  Josephine (D:10)
  Harold (D:9)
  A two-headed ogre (D:9)
  2 cyclopes
  A manticore (D:11)
  A black mamba (Lair:1)
  2 cane toads (Lair:1)
  A gargoyle (D:11)
  A troll (D:10)
  A merfolk (D:10)
  2 blink frogs (Lair:1)
  4 wraiths (D:10)
  2 wyverns
  14 yaks
  A steam dragon (D:9)
  An acid dragon (D:9)
  2 water moccasins
  3 orc warriors
  A sky beast (D:5)
  A black bear (D:6)
  3 necrophages
  6 centaurs
  2 ogres (D:5)
  5 wolves
  3 phantoms (D:11)
  A kobold brigand (D:6)
  2 bullfrogs
  2 wyvern zombies
  2 scorpions
  2 gnoll sergeants
  2 water moccasin zombies (D:5)
  2 wyvern skeletons
  2 troll zombies (D:11)
  20 wights
  15 killer bees
  3 centaur zombies
  2 bullfrog zombies
  4 jellies
  2 bullfrog skeletons
  3 hounds
  9 orc priests
  A centaur skeleton (D:7)
  Terence (D:2)
  5 orc wizards
  4 iguanas
  2 killer bee zombies (D:8)
  4 ogre zombies (D:11)
  A hound skeleton (D:5)
  14 gnolls
  A howler monkey zombie (D:7)
  8 adders
  A howler monkey skeleton (D:6)
  A river rat (D:6)
  An ufetubus (D:6)
  2 worms
  4 dart slugs
  34 orcs
  8 endoplasms
  6 giant cockroaches
  9 goblins
  10 hobgoblins
  7 jackals
  A quokka (D:3)
  3 ball pythons
  8 bats
  5 frilled lizards
  A goblin skeleton (D:11)
  2 hobgoblin zombies (D:11)
  6 kobolds
  2 orc skeletons (D:11)
  14 orc zombies (D:11)
  5 rats
  A toadstool (D:1)
307 creatures vanquished.

Vanquished Creatures (others)
  An adder (D:6)
  A quokka (D:6)
  3 toadstools (D:1)
5 creatures vanquished.

Grand Total: 312 creatures vanquished

Table legend: (Time is in decaauts)
 A = Elapsed time spent in this place.
 B = Non-inter-level travel time spent in this place.
 C = Inter-level travel time spent in this place.
 D = Time resting spent in this place.
 E = Time spent auto-exploring this place.
 F = Levels seen in this place.
 G = Mean time per level.
                   A        B        C        D        E       F      G
               +--------+--------+--------+--------+--------+-----+--------+
         Total |  16754 |  15997 |    757 |   1028 |  12219 |  13 | 1288.8 |
       Dungeon |  16599 |  15853 |    746 |   1028 |  12126 |  11 | 1509.0 |
        Temple |     64 |     56 |      8 |      0 |     42 |   1 |   64.0 |
          Lair |     89 |     88 |      1 |      0 |     51 |   1 |   89.0 |
               +--------+--------+--------+--------+--------+-----+--------+

Top non-repeatable levels by time:
    D:11: 2131 daAuts
     D:9: 2078 daAuts
     D:8: 2029 daAuts
    D:10: 2019 daAuts
     D:6: 1621 daAuts
     D:7: 1330 daAuts
     D:2: 1300 daAuts
     D:1: 1084 daAuts
     D:3: 1065 daAuts
     D:5: 1020 daAuts
     D:4: 918 daAuts
  Lair:1: 89 daAuts
  Temple: 64 daAuts

Table legend:
 A = Non-vault XP
 B = Vault XP
 C = Vault XP percentage of total XP
 D = Non-vault monster count
 E = Vault monster count
 F = Vault count percentage of total count
                 A         B        C        D         E       F
            +---------+---------+-------+---------+---------+-------
      Total |   16398 |    4516 |  21.6 |     249 |      57 |  18.6
            +---------+---------+-------+---------+---------+-------
        D:1 |      61 |       0 |   0.0 |      32 |       0 |   0.0
        D:2 |      42 |      40 |  48.8 |      11 |       4 |  26.7
        D:3 |     208 |       5 |   2.3 |      30 |       3 |   9.1
        D:4 |     324 |       0 |   0.0 |      12 |       0 |   0.0
        D:5 |     860 |     124 |  12.6 |      19 |       2 |   9.5
        D:6 |     927 |     801 |  46.4 |      25 |       6 |  19.4
        D:7 |    1513 |       0 |   0.0 |      27 |       0 |   0.0
        D:8 |    3391 |       0 |   0.0 |      33 |       0 |   0.0
        D:9 |    2131 |     888 |  29.4 |      22 |       3 |  12.0
       D:10 |    2487 |    1827 |  42.4 |      18 |       6 |  25.0
       D:11 |    2373 |     743 |  23.8 |      13 |      32 |  71.1
     Lair:1 |    2081 |      88 |   4.1 |       7 |       1 |  12.5
            +---------+---------+-------+---------+---------+-------
